 Dungeon Crawl Stone Soup version 0.32-a0-933-ga8fa3634e4 (webtiles) character file.

Game seed: 10493322110297889552

58027 porpoise the Inexorable Tide (level 14, -3/115 HPs)
             Began as a Demonspawn Gladiator on Apr 15, 2024.
             Was a High Priest of Yredelemnul.
             Killed from afar by an ironbound thunderhulk (30 damage)
             ... with a bolt of lightning
             ... on level 14 of the Dungeon.
             The game lasted 01:15:53 (19679 turns).

porpoise the Inexorable Tide (DsGl)                Turns: 19679, Time: 01:15:54

Health: -3/115     AC: 16    Str: 19    XL:     14   Next: 47%
Magic:  19/24      EV: 13    Int: 11    God:    Yredelemnul [*****.]
Gold:   1131       SH:  0    Dex: 16    Spells: 13/13 levels left

rFire   + . .        a - +1 trident
rCold   . . .        (no shield)
rNeg    . . .        c - +1 swamp dragon scales
rPois   +            x - +1 helmet {Int+3}
rElec   .            D - +0 cloak
rCorr   .            J - +0 pair of gloves
SInv    .            (no boots)
Will    ++...        g - amulet of regeneration
Stlth   ++++         H - ring of protection from fire
HPRegen 1.19/turn    M - ring of willpower
MPRegen 0.19/turn

%: no passive effects
@: wreathed by umbra, studying Axes
A: hooves 1, demonic guardian 2, ignite blood 2, sharp scales 1
a: Renounce Religion, Light the Black Torch, Recall Undead Harvest, Hurl
Torchlight, Bind Soul, Fathomless Shackles


You were on level 14 of the Dungeon.
You worshipped Yredelemnul.
Yredelemnul was pleased with you.
You visited 3 branches of the dungeon, and saw 20 of its levels.
You also visited: Sewer.

You collected 1435 gold pieces.
You spent 304 gold pieces at shops.

Inventory:

Hand Weapons
 a - a +1 trident (weapon)
Missiles
 d - 12 throwing nets
 B - 3 poisoned darts
 Q - 3 curare-tipped darts (quivered)
Armour
 c - +1 swamp dragon scales (worn)
 x - a +1 helmet of intelligence (worn)
 D - a +0 cloak (worn)
 E - an orb of energy
 J - a +0 pair of gloves (worn)
Jewellery
 g - an amulet of regeneration (around neck)
 h - a ring of see invisible
 v - a ring of ice
 H - a ring of protection from fire (left hand)
 I - a ring of positive energy
 M - a ring of willpower (right hand)
Wands
 i - a wand of digging (4)
 j - a wand of warping (23)
 y - a wand of paralysis (20)
 z - a wand of mindburst (5)
 C - a wand of acid (8)
 G - a wand of flame (31)
Scrolls
 b - 3 scrolls of identify
 k - 4 scrolls of fear
 m - a scroll of summoning
 s - 5 scrolls of fog
 t - 2 scrolls of blinking
 w - 11 scrolls of teleportation
 A - a scroll of revelation
 K - 2 scrolls of vulnerability
 S - 3 scrolls of poison
Potions
 e - a potion of berserk rage
 f - 2 potions of cancellation
 l - 6 potions of curing
 n - a potion of brilliance
 o - 3 potions of enlightenment
 p - a potion of mutation
 r - a potion of invisibility
 u - a potion of lignification
 F - 5 potions of heal wounds
 L - 3 potions of resistance
 N - a potion of haste
Miscellaneous
 q - a phantom mirror


   Skills:
 - Level 12.0 Fighting
 - Level 14.0 Polearms
 - Level 1.7 Throwing
 + Level 7.3 Armour
 + Level 7.3 Dodging
 - Level 7.0 Stealth
 + Level 14.4 Invocations
 - Level 5.0 Evocations


You had 13 spell levels left.
You didn't know any spells.
Your spell library contained the following spells:

 Spells                   Type           Power      Damage    Failure   Level
 Freeze                   Ice            0%         1d3       50%         1
 Kiss of Death            Conj/Necr      0%         2d5       50%         1
 Magic Dart               Conj           0%         1d3       50%         1
 Shock                    Conj/Air       0%         1d3       50%         1
 Summon Small Mammal      Summ           0%         N/A       50%         1
 Searing Ray              Conj           0%         2d4       65%         2
 Call Canine Familiar     Summ           0%         N/A       86%         3
 Confusing Touch          Hex            0%         N/A       86%         3
 Frozen Ramparts          Ice            0%         1d1       86%         3
 Hailstorm                Conj/Ice       0%         3d5       86%         3
 Inner Flame              Hex/Fire       0%         N/A       86%         3
 Stone Arrow              Conj/Erth      0%         3d7       86%         3
 Summon Ice Beast         Ice/Summ       0%         N/A       86%         3
 Swiftness                Air            0%         N/A       86%         3
 Tukima's Dance           Hex            0%         N/A       86%         3
 Airstrike                Air            0%         2d(0-16)  99%         4
 Animate Armour           Summ/Erth      0%         N/A       99%         4
 Dimensional Bullseye     Hex/Tloc       0%         N/A       99%         4
 Dispel Undead            Necr           0%         3d6       99%         4
 Fulminant Prism          Conj/Alch      0%         3d5       99%         4
 Ignite Poison            Fire/Alch      0%         N/A       99%         4
 Iskenderun's Mystic Bla Conj/Tloc 0%             2d3        (+2d1     99%         4
 Sticky Flame             Fire/Alch      0%         2d4       99%         4
 Summon Blazeheart Golem  Fire/Summ      0%         N/A       99%         4
 Irradiate                Conj/Alch      0%         3d11      100%        5
 Permafrost Eruption      Ice/Erth       0%         2x4d1     100%        6
 Sculpt Simulacrum        Ice/Alch       0%         N/A       100%        6
 Ignition                 Fire           0%         3d3       100%        8
 Lehudib's Crystal Spear  Conj/Erth      0%         10d2      100%        8


Dungeon Overview and Level Annotations

Branches:
Dungeon (14/15)            Temple (1/1) D:6            Lair (5/5) D:10
 Shoals (0/4) Lair:3        Snake (0/4) Lair:2        Slime (0/5) Lair:5
    Orc (0/2) D:10          Sewer (visited)
 Vaults: D:13-14

Altars:
Ashenzari
Cheibriados
Dithmenos
Fedhas
Gozag
Hepliaklqana
Kikubaaqudgha
Makhleb
Nemelex Xobeh
Okawaru
Qazlal
Ru
Sif Muna
Trog
Uskayaw
Vehumet
Wu Jian
Xom
Yredelemnul
Lugonu

Shops:
D:8 ((:   D:13 !

Annotations:
D:7 2 transporters, joemur96's ghost, novice DsMo
D:11 exclusion: oklob plant


Innate Abilities, Weirdness & Mutations

You have large cloven feet.
A demonic guardian rushes to your aid.
Your demonic aura often causes spilled blood to erupt in flames.
You are partially covered in razor-sharp scales. (AC +1, Slay +1)


Message History

The vault guard hits your cyclops zombie with a +0 war axe.
The vault guard hits your shadow with a +0 war axe!
What are your orders? t - Shout!
Orders for allies: a - Attack new target. p - Attack previous target. r - Retreat! s - Stop attacking. g - Guard the area. f - Follow me.
Anything else - Cancel.
Gang up on whom?
Press: ? - help, Dir - move target, f - ironbound thunderhulk, p - vault guard
Aim: an ironbound thunderhulk, wielding a +0 dire flail and wearing a +0 animal skin (soul-gripped, umbra) Attack!
Your cyclops zombie hits the vault guard!!
Your shadow hits the ironbound thunderhulk!
The ironbound thunderhulk is engulfed in blazing flames.
Electricity crackles from the ironbound thunderhulk's apparatus.
The bolt of lightning hits you!!
* * * LOW HITPOINT WARNING * * *
The vault guard hits you but does no damage.
The vault guard misses your human zombie.
The vault guard hits your cyclops zombie with a +1 heavy broad axe!!
Your cyclops zombie is destroyed!
The vault guard hits your shadow with a +1 heavy broad axe!
The vault guard hits you with a +0 war axe.
* * * LOW HITPOINT WARNING * * *
The vault guard hits your human zombie with a +0 war axe!
The vault guard hits your shadow with a +0 war axe.
The vault guard blocks your attack.
The vault guard is moderately wounded.
The vault guard blocks your attack.
You kick the vault guard, but do no damage.
The vault guard is moderately wounded.
Your shadow slips into darkness.
Your shadow flickers and vanishes for a moment.
Your shadow hits the vault guard.
The ironbound thunderhulk is engulfed in blazing flames.
Electricity crackles from the ironbound thunderhulk's apparatus.
The bolt of lightning hits you!!
You die...
Your body rises from the dead as a mindless zombie.

###..##
##.Z# ##.#
#)# #.###
#...##
###..####
#.Z#)W###
#..@p○O.#
#..npZ.....
#..W....###
####..###
###


You could see an ironbound thunderhulk (soul-gripped, ally target), 2 vault
guards, a friendly bog body (summoned), 2 friendly shadows, a friendly deep elf
pyromancer zombie and a friendly human zombie.

Vanquished Creatures
  Rupert (D:14)
  2 hydras
  Harold (D:11)
  A catoblepas (Lair:5)
  Erica (D:8)
  A death knight (D:13)
  A two-headed ogre (D:10)
  3 centaur warriors
  2 death yaks (Lair:5)
  A skeletal warrior (D:13)
  2 deep elf pyromancers (D:14)
  5 cyclopes
  An oklob plant (Lair:3)
  Maurice (D:8)
  An ugly thing (D:13)
  2 black mambas (Lair:5)
  An elephant (Lair:5)
  A catoblepas zombie (Lair:5)
  A gargoyle (D:13)
  13 cane toads
  4 komodo dragons
  2 kobold demonologists (D:13)
  An efreet (D:14)
  2 rime drakes
  2 trolls (D:12)
  6 blink frogs
  7 dream sheep (Lair:5)
  8 slime creatures
  3 wyverns
  A vampire (D:12)
  A wraith (D:13)
  Eustachio (D:6)
  A human (D:14)
  33 yaks
  3 basilisks
  2 steam dragons
  3 vampire mosquitoes (D:13)
  A naga (Lair:2)
  2 acid dragons
  7 water moccasins
  Edmund (D:6)
  A cane toad zombie (Lair:5)
  3 orc warriors
  3 black bears
  A sky beast (D:6)
  A blink frog zombie (Lair:5)
  12 wolves
  A crocodile (Sewer)
  An ogre (D:5)
  2 dream sheep zombies (Lair:5)
  10 centaurs
  A komodo dragon zombie (Lair:5)
  4 kobold brigands
  A brain worm (Sewer)
  8 bullfrogs
  2 gnoll sergeants
  A wyvern zombie (D:9)
  3 scorpions
  A water moccasin zombie (Lair:5)
  5 yak zombies
  3 killer bees
  13 howler monkeys
  3 wolf zombies
  2 jellies (D:6)
  2 bullfrog zombies (Lair:4)
  6 orc priests
  3 centaur zombies
  4 hounds
  A sleepcap (D:5)
  2 gnoll boudas (D:7)
  4 iguanas
  6 orc wizards
  2 hell rats (Lair:3)
  A killer bee zombie (D:11)
  A naga zombie (Lair:2)
  6 adders
  10 gnolls
  2 river rats (D:6)
  2 white imps
  4 ufetubi (D:5)
  A gnoll zombie (D:7)
  3 orc zombies
  A dart slug (D:1)
  3 ribbon worms (D:6)
  24 orcs
  13 bats
  3 endoplasms
  5 giant cockroaches
  10 goblins
  8 hobgoblins
  10 jackals
  4 quokkas
  11 ball pythons
  3 frilled lizards
  19 kobolds
  4 kobold zombies
  5 rats
398 creatures vanquished.

Vanquished Creatures (collateral kills)
  Gastronok (D:8)
  2 hydras
  A catoblepas (Lair:5)
  A death yak (Lair:5)
  2 two-headed ogres (D:7)
  2 skysharks (Lair:4)
  A phantasmal warrior (D:13)
  3 manticores
  An elephant (Lair:5)
  A black mamba (Lair:5)
  2 torpor snails (Lair:5)
  A gargoyle (D:13)
  Maggie (D:6)
  A kobold demonologist (D:13)
  5 cane toads
  4 komodo dragons
  A polar bear (Lair:4)
  10 blink frogs
  3 dream sheep (Lair:5)
  A slime creature (D:13)
  2 wraiths
  A wyvern (Lair:4)
  17 yaks
  A basilisk (Lair:3)
  5 water moccasins
  An orc warrior (D:9)
  An ice beast (D:6)
  An ogre (D:5)
  12 wolves
  3 centaurs
  2 kobold brigands
  4 bullfrogs
  5 killer bees
  A howler monkey (D:12)
  An electric eel (D:8)
  3 orc priests
  An orc wizard (D:11)
  3 hell rats
  4 gnolls
  An ufetubus (D:5)
  12 orcs
  2 goblins (D:7)
  2 quokkas (D:4)
  3 kobolds
132 creatures vanquished.

Vanquished Creatures (others)
  A hydra zombie (Lair:4)
  A slime creature zombie (D:14)
  A spectral cane toad (Lair:5)
  2 human zombies
  A cane toad zombie (Lair:3)
  An elephant zombie (Lair:5)
  A manticore zombie (Lair:5)
  3 blink frog zombies
  2 boggarts (D:7)
  A komodo dragon zombie (Lair:5)
  A cyclops zombie (D:14)
  5 water moccasin zombies
  7 yak zombies
  7 wolf zombies
  4 centaur zombies
  2 bullfrog zombies
  A boggart zombie (D:7)
  A killer bee zombie (D:9)
  A hound zombie (D:7)
  A howler monkey zombie (D:10)
  3 gnoll zombies (D:7)
  A goblin zombie (D:7)
  A hobgoblin zombie (D:6)
  3 kobold zombies
  4 orc zombies
56 creatures vanquished.

Grand Total: 586 creatures vanquished

Notes
Turn   | Place    | Note
-------+----------+-------------------------------------------
     0 | D:1      | porpoise the Demonspawn Gladiator began the quest for the
                  | Orb.
     0 | D:1      | Reached XP level 1. HP: 16/16 MP: 1/1
   132 | D:1      | Gained mutation: Your demonic aura sometimes causes spilled
                  | blood to erupt in flames. [demonic ancestry]
   132 | D:1      | Reached XP level 2. HP: 19/22 MP: 2/2
   585 | D:1      | Reached XP level 3. HP: 28/28 MP: 3/3
   831 | D:2      | Found a snail-covered altar of Cheibriados.
  1701 | D:3      | Gained mutation: A weak demonic guardian rushes to your
                  | aid. [demonic ancestry]
  1701 | D:3      | Reached XP level 4. HP: 31/35 MP: 4/4
  2422 | D:4      | Found a basalt altar of Yredelemnul.
  2616 | D:4      | Found a hide-covered altar of Uskayaw.
  2623 | D:4      | Gained mutation: A demonic guardian rushes to your aid.
                  | [demonic ancestry]
  2623 | D:4      | Reached XP level 5. HP: 37/41 MP: 5/5
  3149 | D:5      | Entered Level 5 of the Dungeon
  3154 | D:5      | Reached skill level 5 in Polearms
  3159 | D:5      | Gained mutation: You are partially covered in razor-sharp
                  | scales. (AC +1, Slay +1) [demonic ancestry]
  3159 | D:5      | Reached XP level 6. HP: 26/48 MP: 6/6
  3327 | D:5      | Noticed a yak
  3330 | D:5      | Killed a yak
  3331 | D:5      | Reached XP level 7. HP: 49/55 MP: 7/7
  3423 | D:5      | Found a stormy altar of Qazlal.
  3424 | D:5      | Noticed a water elemental
  3426 | D:5      | Noticed an air elemental
  3427 | D:5      | Noticed a fire elemental
  3514 | D:5      | Reached skill level 5 in Fighting
  4351 | D:6      | Noticed Edmund
  4368 | D:6      | Killed Edmund
  4369 | D:6      | Reached XP level 8. HP: 52/64 MP: 8/8
  4411 | D:6      | Noticed Maggie
  4438 | D:6      | Killed Maggie
  4612 | D:6      | Found a glowing drain.
  4620 | Sewer    | Entered a sewer
  5136 | D:6      | Reached XP level 9. HP: 66/72 MP: 9/9
  5171 | D:6      | Found a staircase to the Ecumenical Temple.
  5176 | Temple   | Entered the Ecumenical Temple
  5287 | D:4      | Became a worshipper of Yredelemnul the Fallen
  5393 | D:6      | Found a bloodstained altar of Trog.
  5509 | D:6      | Reached skill level 1 in Armour
  5563 | D:6      | Noticed Eustachio
  5594 | D:6      | Killed Eustachio
  5950 | D:7      | Noticed joemur96's ghost (novice DsMo)
  5952 | D:7      | Found a transporter.
  5952 | D:7      | Noticed a centaur warrior
  6024 | D:7      | Reached * piety under Yredelemnul
  6103 | D:7      | Found a flagged portal.
  6173 | D:7      | Noticed a two-headed ogre
  6173 | D:7      | Noticed a two-headed ogre
  6184 | D:7      | Killed a two-headed ogre
  6185 | D:7      | Reached skill level 10 in Polearms
  6187 | D:7      | Killed a two-headed ogre
  6327 | D:7      | Reached XP level 10. HP: 79/79 MP: 10/10
  6663 | D:7      | Found a transporter.
  6914 | D:8      | Reached ** piety under Yredelemnul
  6980 | D:8      | Noticed Gastronok
  6993 | D:8      | Reached skill level 5 in Dodging
  7007 | D:8      | Killed Gastronok
  7099 | D:8      | Noticed Erica
  7109 | D:8      | Killed Erica
  7110 | D:8      | Reached skill level 5 in Armour
  7149 | D:8      | Found Jiowuy's Book Shoppe.
  7227 | D:8      | Found Acoimyuc's Weapon Shoppe.
  7268 | D:8      | Noticed Maurice
  7279 | D:8      | Killed Maurice
  7432 | D:8      | Found a snail-covered altar of Cheibriados.
  7478 | D:8      | Found Opoulire's Weapon Boutique.
  7586 | D:8      | Found an ancient bone altar of Kikubaaqudgha.
  8261 | D:9      | Found a sparkling altar of Nemelex Xobeh.
  8317 | D:9      | Found a hazy altar of Hepliaklqana.
  8426 | D:9      | Reached skill level 1 in Invocations
  8426 | D:9      | Reached XP level 11. HP: 44/84 MP: 11/11
  9053 | D:9      | Reached *** piety under Yredelemnul
  9215 | D:10     | Entered Level 10 of the Dungeon
  9648 | D:10     | Found a staircase to the Orcish Mines.
  9692 | D:10     | Noticed a two-headed ogre
  9695 | D:10     | Killed a two-headed ogre
  9720 | D:10     | Found a staircase to the Lair.
 10216 | Lair:1   | Entered Level 1 of the Lair of Beasts
 10720 | Lair:1   | Reached skill level 5 in Invocations
 11666 | Lair:2   | Reached **** piety under Yredelemnul
 11713 | Lair:2   | Reached skill level 1 in Evocations
 11758 | Lair:2   | Found a staircase to the Snake Pit.
 11780 | Lair:2   | Gained mutation: You have large cloven feet. [demonic
                  | ancestry]
 11780 | Lair:2   | Reached XP level 12. HP: 94/94 MP: 17/17
 11864 | Lair:2   | Noticed a five-headed hydra
 11872 | Lair:2   | Killed a five-headed hydra
 11872 | Lair:2   | Bound a five-headed hydra
 12552 | Lair:3   | Found a staircase to the Shoals.
 12554 | Lair:3   | Noticed a six-headed hydra
 12565 | Lair:3   | Killed a six-headed hydra
 12565 | Lair:3   | Bound a six-headed hydra
 12828 | Lair:3   | Identified the +1 plate armour of the Original Sin {rElec}
 12855 | Lair:3   | Reached skill level 5 in Evocations
 13490 | Lair:3   | Noticed a seven-headed hydra
 13497 | Lair:3   | Killed a seven-headed hydra
 13908 | Lair:4   | Noticed a five-headed hydra
 13917 | Lair:4   | Killed a five-headed hydra
 13918 | Lair:4   | Reached skill level 10 in Invocations
 14098 | Lair:4   | Noticed a seven-headed hydra
 14106 | Lair:4   | Killed a seven-headed hydra
 14106 | Lair:4   | Reached ***** piety under Yredelemnul
 14107 | Lair:4   | Gained mutation: Your demonic aura often causes spilled
                  | blood to erupt in flames. [demonic ancestry]
 14107 | Lair:4   | Reached XP level 13. HP: 101/101 MP: 20/20
 14654 | Lair:5   | Entered Level 5 of the Lair of Beasts
 14920 | Lair:5   | Noticed Urug
 14935 | Lair:5   | Killed Urug
 14935 | Lair:5   | Bound Urug
 14940 | Lair:5   | Reached skill level 10 in Fighting
 15002 | Lair:5   | Found a staircase to the Slime Pits.
 15031 | Lair:5   | Reached skill level 1 in Stealth
 15654 | Lair:5   | Identified the quicksilver dragon scales "Tynualog" {rF+
                  | Will+ Int+3}
 16485 | D:11     | Noticed Harold
 16497 | D:11     | Killed Harold
 16616 | D:11     | Reached skill level 5 in Stealth
 17243 | D:11     | Found a blossoming altar of Fedhas.
 17542 | D:12     | Reached XP level 14. HP: 113/113 MP: 23/23
 18699 | D:13     | Found Habepes's Distillery.
 18770 | D:13     | Bought a potion of curing for 48 gold pieces
 18770 | D:13     | Bought a potion of curing for 48 gold pieces
 18770 | D:13     | Bought a potion of curing for 48 gold pieces
 18770 | D:13     | Bought a potion of haste for 160 gold pieces
 19113 | D:14     | Found a corrupted altar of Lugonu.
 19206 | D:14     | Noticed Rupert
 19222 | D:14     | Killed Rupert
 19612 | D:14     | Your ally Rupert died
 19671 | D:14     | Noticed an ironbound thunderhulk
 19679 | D:14     | Killed from afar by an ironbound thunderhulk

Illustrated notes

Levels and vault maps discovered:
D:1:      ncdulo_halloftheorcs, layout_basic, chequers_serial_rivers_micro_e,
          minmay_fountain_box
D:2:      layout_basic, basic_altar
D:3:      layout_basic, nicolae_overflow_hidden_temple,
          minmay_shallow_snake_nest
D:4:      layout_basic, mainiacjoe_overflow_alcove_4,
          nicolae_uskayaw_murder_on_the_dancefloor
D:5:      layout_loops_ring, nicolae_qazlal_style_of_elements,
          minmay_manual_maat
D:6:      layout_basic, trog_hazing_becter, lemuel_round_altar, temple_doors_cd,
          lightli_sewer_entry_pipes, grunt_ministairs_6, uniq_maggie,
          uniq_edmund, uniq_eustachio
D:7:      layout_basic, mainiacjoe_overflow_24_doors, gammafunk_ghost_arena,
          enter_bailey_3, minmay_misc_feat_roman, nicolae_phantomly_mirrored
D:8:      layout_basic, kennysheep_little_box, mainiacjoe_overflow_paths,
          serial_shops, shop, nicolae_inconvenience_store, shop,
          nicolae_elevator_lobby_plus, uniq_gastronok, uniq_erica, uniq_maurice
D:9:      layout_basic, lemuel_doored_altar, nzn_hepliaklqana_mist_gate
D:10:     layout_loops_corners, dpeg_lair_monsters, orc_0_dummy
D:11:     layout_loops_ring, nicolae_hexahallways, palyth_stone_intersect,
          tgw_fedhas, uniq_harold
D:12:     layout_roguey
D:13:     layout_loops_ring, serial_shops, shop
D:14:     kennysheep_six_static_rooms, layout_layer_cave,
          hellmonk_vaults_keyhole, minmay_misc_feat_room, tgw_lugonu_bribe,
          uniq_rupert
Temple:   minmay_temple_curvy_loop
Lair:1:   layout_cave_pods, serial_forest, infiniplex_forest_zigzag_1,
          infiniplex_forest_straight_3, infiniplex_forest_lined_2,
          infiniplex_forest_fountain, infiniplex_forest_lined_3,
          infiniplex_forest_lined_3, infiniplex_forest_straight_5,
          infiniplex_forest_straight_2, infiniplex_forest_zigzag_1,
          lemuel_old_faithful
Lair:2:   layout_regular_city, guppyfry_snake_entry_island
Lair:3:   layout_regular_city, minmay_shoals_entry_centaurs,
          beast_lair_carwin_8, infiniplex_staircase_pool
Lair:4:   layout_hall_layers, grunt_megastairs_2
Lair:5:   hangedman_lair_in_review, layout_regular_city, slime_entry_1,
          uniq_urug

Skill      XL: |  1  2  3  4  5  6  7  8  9 10 11 12 13 14 |
---------------+-------------------------------------------+-----
Polearms       | 3 4 5 6 7 9 10 12 14 | 14.0
Fighting       | 3 4 5 7 8 9 11 12 | 12.0
Armour         | 3 5 6 7 |  7.3
Dodging        | 4 5 7 |  7.3
Invocations    | 1 6 10 13 14 | 14.4
Evocations     | 2 5 |  5.0
Stealth        | 5 7 |  7.0
Throwing       | |  1.7

Action                     |  1- 3 |  4- 6 |  7- 9 | 10-12 | 13-15 || total
---------------------------+-------+-------+-------+-------+-------++-------
  Melee: Trident           |   136 |   126 |   369 |   718 |   371 ||  1720
         Kick              |       |       |       |    78 |   128 ||   206
  Throw: Dart              |       |     6 |    10 |       |     5 ||    21
 Invoke: Light the Black T |       |       |     2 |     7 |     3 ||    12
         Hurl Torchlight   |       |       |       |     1 |       ||     1
         Bind Soul         |       |       |       |     2 |     2 ||     4
         Recall Undead Har |       |       |       |     1 |     2 ||     3
  Evoke: Wand              |       |       |       |       |     3 ||     3
    Use: Scroll            |       |     3 |     2 |     9 |     7 ||    21
         Potion            |       |       |     7 |     1 |     2 ||    10
   Stab: Sleeping          |     4 |       |       |       |    12 ||    16
         Distracted        |       |     1 |     2 |     4 |     4 ||    11
         Invisible         |       |       |     4 |       |     3 ||     7
 Armour: Leather armour    |    66 |   105 |    49 |       |       ||   220
         Scale mail        |       |       |    21 |       |       ||    21
         Swamp dragon scal |       |       |   120 |   319 |   162 ||   601
  Dodge: Dodged            |    65 |   113 |   170 |   315 |   138 ||   801

Table legend: (Time is in decaauts)
 A = Elapsed time spent in this place.
 B = Non-inter-level travel time spent in this place.
 C = Inter-level travel time spent in this place.
 D = Time resting spent in this place.
 E = Time spent auto-exploring this place.
 F = Levels seen in this place.
 G = Mean time per level.
                   A        B        C        D        E       F      G
               +--------+--------+--------+--------+--------+-----+--------+
         Total |  19268 |  18257 |   1011 |   2968 |  12039 |  21 |  917.5 |
       Dungeon |  13199 |  12430 |    769 |   1622 |   8635 |  14 |  942.8 |
        Temple |      1 |      0 |      1 |      0 |      0 |   1 |    1.0 |
          Lair |   5818 |   5578 |    240 |   1229 |   3382 |   5 | 1163.6 |
         Sewer |    248 |    248 |      0 |    117 |     22 |   1 |  248.0 |
               +--------+--------+--------+--------+--------+-----+--------+

Top non-repeatable levels by time:
  Lair:3: 1512 daAuts
  Lair:5: 1440 daAuts
  Lair:1: 1316 daAuts
     D:6: 1211 daAuts
    D:13: 1198 daAuts
     D:5: 1175 daAuts
     D:9: 1117 daAuts
     D:8: 1115 daAuts
    D:10: 1036 daAuts
    D:11: 1005 daAuts
     D:3: 996 daAuts
     D:7: 974 daAuts
     D:4: 964 daAuts
  Lair:2: 782 daAuts
  Lair:4: 767 daAuts
